 Dungeon Crawl Stone Soup version 0.20.1-1-g8b1a95d (webtiles) character file.

524 Gargoyl the Chopper (level 7, -3/61 HPs)
             Began as a Minotaur Abyssal Knight on Sept 16, 2017.
             Was a Priest of Lugonu.
             Slain by flt's ghost (7 damage)
             ... on level 5 of the Dungeon.
             The game lasted 00:10:19 (4156 turns).

Gargoyl the Chopper (Minotaur Abyssal Knight)       Turns: 4156, Time: 00:10:20

Health: -3/61      AC: 10    Str: 22    XL:     7   Next: 2%
Magic:  8/8        EV:  8    Int:  9    God:    Lugonu [***...]
Gold:   154        SH:  4    Dex: 16    Spells: 6/6 levels left

rFire    . . .     SeeInvis .   a - +2 hand axe
rCold    . . .     Gourm    .   m - +0 buckler
rNeg     . . .     Faith    .   h - +0 chain mail
rPois    .         Spirit   .   (helmet restricted)
rElec    .         Reflect  .   (no cloak)
rCorr    +         Harm     .   (no gloves)
MR       .....                  (no boots)
Stlth    ..........             (no amulet)
Regen    0.2/turn               e - ring of resist corrosion
MPRegen  0.2/turn               w - +3 ring of dexterity

@: mighty
A: retaliatory headbutt, horns 2, agile 1, blink, shaggy fur 1
a: Blink, Depart the Abyss, Bend Space, Banish, Renounce Religion


You were on level 5 of the Dungeon.
You worshipped Lugonu.
Lugonu was most pleased with you.
You were not hungry.

You visited 1 branch of the dungeon, and saw 5 of its levels.
You visited the Abyss 1 time.

You collected 154 gold pieces.

Inventory:

Hand Weapons
 a - a +2 hand axe (weapon)
Armour
 h - a +0 chain mail (worn)
 m - a +0 buckler (worn)
Jewellery
 e - a ring of resist corrosion (left hand)
 w - a +3 ring of dexterity (right hand)
Wands
 t - a wand of disintegration (0/24)
Scrolls
 d - 4 scrolls of identify
 f - a scroll of remove curse
 o - 4 scrolls of teleportation
 s - a scroll of amnesia
Potions
 g - a potion of flight {unknown}
 i - a potion of degeneration {unknown}
 j - a potion of resistance
 k - a potion of curing {unknown}
 l - a potion of agility {unknown}
 n - a potion of haste {unknown}
 p - a potion of heal wounds {unknown}
 u - a potion of might
Books
 v - a book of Minor Magic

   Spells                             Type                      Level
   a - Magic Dart                     Conjuration                  1
   b - Blink                          Translocation                2
   c - Call Imp                       Summoning                    2
   d - Slow                           Hexes                        2
   e - Conjure Flame                  Conjuration/Fire             3
   f - Mephitic Cloud                 Conjuration/Poison/Air       3
Comestibles
 b - 2 chunks of flesh
 c - 7 bread rations
 q - 3 fruits
 r - 2 meat rations
 x - a royal jelly


   Skills:
 + Level 5.1 Fighting
 + Level 5.2 Axes
 * Level 5.2 Armour
 + Level 2.3 Dodging
 + Level 0.5 Shields
 * Level 3.5 Invocations


You had 6 spell levels left.
You didn't know any spells.

Dungeon Overview and Level Annotations

Branches:
Dungeon (5/15)
 Temple: D:4-7

Altars:
Fedhas

Annotations:
D:5 flt's ghost, novice MfIE


Innate Abilities, Weirdness & Mutations

You reflexively headbutt those who attack you in melee.
You have a pair of horns on your head.
You are agile. (Dex +2)
You can translocate small distances at will.
You are covered in fur. (AC +1)


Message History

Flt's ghost hits you but does no damage.
You miss flt's ghost. Your headbutt misses flt's ghost.
Flt's ghost is heavily damaged.
Flt's ghost hits you but does no damage.
You miss flt's ghost.
Flt's ghost is heavily damaged.
Flt's ghost completely misses you. You furiously retaliate!
You headbutt flt's ghost. You miss flt's ghost.
Flt's ghost is severely damaged.
Flt's ghost casts a spell at you. The shard of ice hits you!
* * * LOW HITPOINT WARNING * * *
You hit flt's ghost. Your headbutt misses flt's ghost.
Flt's ghost is severely damaged.
Flt's ghost hits you.
* * * LOW HITPOINT WARNING * * *
Okay, then.
Flt's ghost hits you!
You die...

#.# #.# #.#
#.# #.# #.##
#..# ##.#
### #@# ..#
#W#
#.########Y#
#.#.SY.Y.SY#
#.#.########
##.#.#
##.#Y.#
#Y###.......
#..#?.#####.


You could see 2 ice beasts, flt's ghost and an adder.

Vanquished Creatures
  An ogre (D:4)
  A scorpion (D:4)
  An orc wizard (D:4)
  Natasha (D:4)
  4 worker ants
  A mummy (D:4)
  Robin (D:3)
  5 gnolls
  6 adders
  3 oozes (D:1)
  A worm (D:1)
  2 dart slugs
  15 orcs
  3 giant cockroaches
  15 goblins
  9 hobgoblins
  3 bats
  4 frilled lizards
  3 hobgoblin zombies (D:4)
  9 kobolds
  An orc zombie (D:4)
  7 rats
96 creatures vanquished.

Notes
Turn   | Place    | Note
-------+----------+-------------------------------------------
     0 | Abyss:1  | Gargoyl the Minotaur Abyssal Knight began the quest for the Orb.
     0 | Abyss:1  | Reached XP level 1. HP: 19/19 MP: 1/1
    29 | Abyss:2  | Gained mutation: You are agile. (Dex +2) [potion of mutation]
    29 | Abyss:2  | Gained mutation: You are covered in fur. (AC +1) [potion of mutation]
    29 | Abyss:2  | Gained mutation: You can translocate small distances at will. [potion of mutation]
    71 | Abyss:2  | Noticed a worldbinder
    72 | Abyss:2  | Noticed a vampire mosquito
    72 | Abyss:2  | Noticed a swamp drake
    72 | D:1      | Escaped the Abyss
   263 | D:1      | Reached XP level 2. HP: 15/27 MP: 2/2
   273 | D:1      | Reached * piety under Lugonu
   795 | D:1      | Reached XP level 3. HP: 31/34 MP: 3/3
  1418 | D:2      | Reached XP level 4. HP: 33/41 MP: 4/4
  1612 | D:2      | Found a faded altar of an unknown god.
  1675 | D:3      | Found a blossoming altar of Fedhas.
  1968 | D:3      | Noticed Robin
  1973 | D:3      | Reached ** piety under Lugonu
  1985 | D:3      | Killed Robin
  1985 | D:3      | Reached XP level 5. HP: 41/47 MP: 5/5
  3159 | D:4      | Reached XP level 6. HP: 55/55 MP: 7/7
  3495 | D:4      | Reached skill level 5 in Fighting
  3675 | D:4      | Reached skill level 5 in Armour
  3831 | D:4      | Reached skill level 5 in Axes
  4062 | D:4      | Noticed Natasha
  4066 | D:4      | Killed Natasha
  4066 | D:4      | Reached *** piety under Lugonu
  4066 | D:4      | Reached XP level 7. HP: 60/61 MP: 8/8
  4101 | D:5      | Entered Level 5 of the Dungeon
  4120 | D:5      | Noticed flt's ghost (novice MfIE)
  4155 | D:5      | HP: 3/61 [flt's ghost (4)]
  4156 | D:5      | Slain by flt's ghost

Skill      XL: |  1  2  3  4  5  6 |
---------------+-------------------+-----
Fighting       | 4 5 |  5.1
Armour         | 3 4 5 |  5.2
Invocations    | 2 3 |  3.5
Axes           | 3 4 5 |  5.2
Dodging        | 2 |  2.3
Shields        | |  0.5

Action                   |  1- 3 |  4- 6 |  7- 9 || total
-------------------------+-------+-------+-------++-------
Melee: Hand axe          |    72 |   164 |    19 ||   255
       Headbutt          |     4 |    28 |     3 ||    35
Invok: Depart the Abyss  |     1 |       |       ||     1
Evoke: Wand              |       |     3 |       ||     3
  Use: Scroll            |     6 |     5 |       ||    11
       Potion            |     1 |       |     1 ||     2
  Eat: Chunk             |     2 |     8 |       ||    10
Armor: Leather armour    |    24 |     7 |       ||    31
       Chain mail        |       |    62 |     6 ||    68
Dodge: Dodged            |    31 |    67 |     5 ||   103
Block: Buckler           |     6 |    22 |       ||    28
